[Event "45th FIDE Olympiad 2024"]
[Site "Budapest"]
[Date "2024.09.11"]
[Round "1.73"]
[White "Michaelides, Konstantinos"]
[Black "Navara, David"]
[Result "0-1"]
[ECO "D02"]
[WhiteElo "2297"]
[BlackElo "2681"]
[Annotator "TA"]
[PlyCount "120"]
[EventDate "2024.09.05"]
[EventType "team-tourn"]
[EventCountry "HUN"]
[SourceTitle "playchess.com"]
[Source "ChessBase"]
[SourceQuality "1"]
[WhiteTeam "Cyprus"]
[BlackTeam "Czech Republic"]
[WhiteTeamCountry "CYP"]
[BlackTeamCountry "CZE"]
[TimeControl "40/5400+30:1800+30"]

1. d4 d5 2. Nf3 Nf6 3. Bf4 c5 4. e3 Nc6 5. Nbd2 Bg4 6. c3 e6 7. Bb5 cxd4 8. exd4 Bd6 9. Bxd6 {The position is equal.} Qxd6 10. O-O O-O 11. Re1 Rfe8 12. Qa4 Bxf3 13. Nxf3 a6 14. Bxc6 Qxc6 15. Qxc6 bxc6 16. Ne5 Rec8 17. Nd3 Nd7 18. b4 a5 19. a4 Rc7 20. Ra2 Kf8 21. Kf1 Ke7 22. Ke2 Rca7 23. Rea1 g5 24. h3 f6 25. Kd2 e5 26. b5 cxb5 27. axb5 Kd6 28. Nb4 {aiming for Nc6.} a4 (28... axb4 $2 29. Rxa7 bxc3+ 30. Kxc3 Rc8+ 31. Kd2 $18) 29. Nc6 Rb7 30. Rxa4 Rxa4 31. Rxa4 Rxb5 $11 {[%mdl 4096] Endgame. KRN-KRN} 32. Ra6 {Threatens to win with Na7+.} Rb6 33. Nb4 Rxa6 34. Nxa6 {KN-KN} h5 35. Nb4 h4 36. Ke3 Nb6 37. f3 Ke6 38. Nc2 Nc8 39. Nb4 Ne7 40. Nc2 Ng6 41. Kf2 Nf4 42. Ne3 Nd3+ 43. Ke2 Nb2 44. Kd2 exd4 45. cxd4 Nc4+ 46. Kd3 Nxe3 47. Kxe3 {KP-KP} Kf5 (47... Kd6 $5 48. f4 $8 Ke6 $11) 48. Ke2 Kf4 49. Kf2 f5 50. Ke2 Kg3 51. Kf1 g4 52. fxg4 fxg4 53. hxg4 Kxg4 {KPP-KPP} 54. Kg1 Kf4 {( -> ...Ke3)} (54... Kg3 {is a self mate.} 55. Kh1 Kf4 56. Kh2 Ke4 57. Kh3 Kxd4 58. Kxh4 Ke4 59. Kh3 d4 60. Kg3 Ke3 61. Kg4 d3 62. Kf5 d2 63. g4 d1=Q (63... d1=B 64. g5 $11) 64. g5 Qd5+ (64... Qf3+ {leads to mate.} 65. Ke6 Ke4 66. g6 Qf5+ 67. Kd6 Qxg6+ 68. Kc5 Qa6 69. Kb4 Qc6 70. Ka5 Kd4 71. Kb4 Qb6+ 72. Ka4 Kc4 73. Ka3 Qb3#) 65. Kf6 Kf4 66. g6 Qd6+ 67. Kf7 Ke5 68. g7 Qf6+ 69. Kg8 Qf5 70. Kh8 Qh3+ 71. Kg8 Kf6 72. Kf8 Qc8#) 55. Kh2 Ke4 (55... Kf5 $5 56. Kh3 $8 Ke4 57. Kxh4 Kxd4 $11) 56. Kh3 $2 {[%mdl 8192] [#]} (56. g3 $11) 56... Kxd4 {Black mates.} 57. Kxh4 Ke3 58. g4 d4 59. g5 {[#]} d3 $1 60. g6 d2 {Weighted Error Value: White=0.13 (very precise) /Black=0.03 (flawless) .  Loses game:     	White=1     	---        Inaccurate:     	White=1     	Black=1      OK:         	White=23    	Black=22     Best:        	White=2     	Black=2} 0-1

[Event "45th FIDE Olympiad 2024"]
[Site "Budapest"]
[Date "2024.09.11"]
[Round "1.74"]
[White "Zilka, Stepan"]
[Black "Antoniou, Rafail"]
[Result "1-0"]
[ECO "B45"]
[WhiteElo "2574"]
[BlackElo "2007"]
[Annotator "TA"]
[PlyCount "75"]
[EventDate "2024.09.05"]
[EventType "team-tourn"]
[EventCountry "HUN"]
[SourceTitle "playchess.com"]
[Source "ChessBase"]
[SourceQuality "1"]
[WhiteTeam "Czech Republic"]
[BlackTeam "Cyprus"]
[WhiteTeamCountry "CZE"]
[BlackTeamCountry "CYP"]
[TimeControl "40/5400+30:1800+30"]

1. e4 c5 2. Nf3 e6 3. d4 cxd4 4. Nxd4 Nf6 5. Nc3 Nc6 6. Nxc6 bxc6 7. e5 Nd5 8. Ne4 Qc7 9. f4 Qb6 10. c4 Ne3 11. Qd3 Bb4+ 12. Bd2 (12. Nc3 {simplifies} Nxf1 13. Rxf1 Ba6 14. a3) 12... Ba6 13. Bxb4 Qxb4+ 14. Kf2 {White is slightly better.} Qxb2+ 15. Be2 Nxc4 16. Rhd1 {[%cal Oa1b1] [#] And now Rab1! would win. Chess con chili.} Qb6+ 17. Qd4 $1 {aiming for Nc5.} Nb2 18. Bxa6 $1 {Strongly threatening Rd2.} Nxd1+ 19. Rxd1 Qxd4+ ({Stronger than} 19... Qxa6 20. Qxd7+ Kf8 21. Nd6 Qb6+ 22. Kf3) 20. Rxd4 Rb8 {Dodges Bb7} 21. Be2 {[%mdl 1024] White has compensation.} Ke7 22. Nc5 Rhd8 23. Ra4 Ra8 24. Ba6 {[#] Bb7 is the strong threat.} Rab8 25. Bd3 Ra8 26. Ke3 h6 27. g4 f6 28. h4 fxe5 29. fxe5 Rf8 30. Rd4 Rad8 31. h5 Rf7 $2 {[%mdl 8192] This move loses the game for Black.} ({Better is} 31... a5 $14) 32. Rb4 $18 Kf8 33. Rb7 Re7 34. Rb1 (34. Rxa7 $142 {Threatens to win with Bg6.} d6 35. Rxe7 Kxe7 36. Nb7) 34... Kg8 $2 (34... d6 35. Nb7 Rb8 36. Nxd6 Rxb1 37. Bxb1 Rc7) 35. Bg6 Kf8 36. Ne4 a5 37. Nd6 (37. a4 $142 Kg8 38. Kd4) 37... Ra8 $2 (37... a4 38. Rb4 Ra8) 38. a4 {Weighted Error Value: White=0.34/Black=0.33.  Loses game:     	---       	Black=1      Mistake:       	White=1     	Black=1      Inaccurate:     	White=1     	Black=3      OK:         	White=7     	Black=10     Best:        	White=3     	---        Strong:       	White=2     	---} 1-0

[Event "45th FIDE Olympiad 2024"]
[Site "Budapest"]
[Date "2024.09.11"]
[Round "1.74"]
[White "Garzon Zapatanga, Christopher Leonel"]
[Black "Nicolas, Carbonell"]
[Result "1-0"]
[ECO "C42"]
[WhiteElo "2216"]
[BlackElo "1798"]
[Annotator "ChessBase"]
[PlyCount "57"]
[EventDate "2024.09.05"]
[EventType "team-tourn"]
[EventCountry "HUN"]
[SourceTitle "playchess.com"]
[Source "ChessBase"]
[SourceQuality "1"]
[WhiteTeam "Ecuador"]
[BlackTeam "Burkina Faso"]
[WhiteTeamCountry "ECU"]
[BlackTeamCountry "BUR"]
[TimeControl "40/5400+30:1800+30"]

1. e4 e5 2. Nf3 Nf6 3. Nxe5 Qe7 4. d4 Nc6 5. Nc3 Nxe5 6. dxe5 Qxe5 7. Bd3 Bb4 8. Bd2 d5 9. f4 Qd4 10. e5 Bc5 11. Qf3 Ng4 12. O-O-O c6 13. Rde1 Qf2 14. Be2 Be3 15. Qxf2 Bxf2 16. Ref1 Be3 17. h3 Bxd2+ 18. Kxd2 Nh6 19. g4 g6 20. Bd3 O-O 21. Ne2 c5 22. c3 b6 23. Ng3 Kh8 24. f5 Rg8 25. f6 Nxg4 26. hxg4 Bxg4 27. Rxh7+ Kxh7 28. Rh1+ Bh5 29. Rxh5# 1-0

[Event "45th FIDE Olympiad 2024"]
[Site "Budapest"]
[Date "2024.09.11"]
[Round "1.75"]
[White "Savva, Panikos"]
[Black "Krejci, Jan"]
[Result "0-1"]
[ECO "D31"]
[WhiteElo "1973"]
[BlackElo "2556"]
[Annotator "TA"]
[PlyCount "46"]
[EventDate "2024.09.05"]
[EventType "team-tourn"]
[EventCountry "HUN"]
[SourceTitle "playchess.com"]
[Source "ChessBase"]
[SourceQuality "1"]
[WhiteTeam "Cyprus"]
[BlackTeam "Czech Republic"]
[WhiteTeamCountry "CYP"]
[BlackTeamCountry "CZE"]
[TimeControl "40/5400+30:1800+30"]

1. d4 d5 2. c4 e6 3. Nc3 Bb4 4. Qa4+ Nc6 5. a3 Bxc3+ 6. bxc3 Nf6 7. Bg5 h6 8. Bxf6 {The position is equal.} Qxf6 9. e3 O-O 10. Nf3 a6 11. Be2 Bd7 {[%cal Oc6d4] White must now prevent ...Nxd4!} 12. Qc2 dxc4 13. Bxc4 e5 14. O-O Rad8 15. Qe4 (15. Bd3 $14) 15... Rde8 {...exd4 is the strong threat.} 16. Qh4 (16. Qb1 $14 {deserves consideration.}) 16... Qd6 (16... Qxh4 $11 17. Nxh4 Kh8) 17. Rfd1 e4 {[#]} 18. Ne5 Nxe5 $17 19. dxe5 Qxe5 20. Rac1 {[#]} (20. Rd4 $17) 20... Bc6 $1 $19 {Black is clearly better.} 21. Bb3 Qb5 22. Bc2 Qc5 23. a4 Qxc3 {Weighted Error Value: White=0.32/Black=0.15 (very precise) .  Mistake:       	White=4     	Black=1      Inaccurate:     	White=1     	Black=3      OK:         	White=3     	Black=8      Best:        	---       	Black=1} 0-1

[Event "45th FIDE Olympiad 2024"]
[Site "Budapest"]
[Date "2024.09.11"]
[Round "1.76"]
[White "Vykouk, Jan"]
[Black "Kefalas, Loukas"]
[Result "1-0"]
[ECO "A29"]
[WhiteElo "2483"]
[BlackElo "1912"]
[Annotator "TA"]
[PlyCount "83"]
[EventDate "2024.09.05"]
[EventType "team-tourn"]
[EventCountry "HUN"]
[SourceTitle "playchess.com"]
[Source "ChessBase"]
[SourceQuality "1"]
[WhiteTeam "Czech Republic"]
[BlackTeam "Cyprus"]
[WhiteTeamCountry "CZE"]
[BlackTeamCountry "CYP"]
[TimeControl "40/5400+30:1800+30"]

1. c4 e5 2. Nc3 Nf6 3. Nf3 Nc6 4. g3 d5 5. cxd5 Nxd5 6. Bg2 Nb6 7. O-O Be7 8. b3 O-O 9. Bb2 Bf5 10. d3 Qd7 11. Rc1 f6 {The position is equal.} 12. Re1 Nd4 (12... Bh3 $11) 13. Nh4 $14 {[%cal Oh4f5] Strongly threatening Nxf5!} Bg4 14. Bxb7 Rad8 15. Bg2 f5 (15... a5 $14) 16. Nf3 $16 Bxf3 17. exf3 Bg5 18. Rb1 Bf6 19. b4 Kh8 20. Ne2 Ne6 21. Qb3 Na4 22. Ba1 Nd4 {[#]} (22... g5 $16 23. Rbc1 Nb6) 23. Bxd4 $1 $18 exd4 24. Nf4 {And now Ne6 would win.} Nc3 {[#]} 25. Ra1 Rfe8 26. Qc4 Qd6 (26... Re7 $16 27. Re6 Rxe6 28. Nxe6 Re8) 27. Ne6 Rb8 28. a3 (28. Qxc7 $2 {loses.} Rxe6 29. Qa5 Rxe1+ (29... Rxb4 $2 30. Rxe6 Qxe6 31. Qxb4 $18) (29... Qxb4 $2 30. Qxb4 Rxb4 31. Rxe6 $18) 30. Rxe1 a6 (30... Qxb4 $2 31. Qxb4 Rg8 32. Qa5 $18) 31. Qxf5 Qxb4 $19) (28. Nxc7 $6 Rec8 $16) 28... g6 29. f4 (29. Qxc7 Rxe6 30. Qxa7 Rbe8 31. Rxe6 Qxe6 $17 (31... Rxe6 32. f4 $17)) 29... Re7 30. Kf1 h6 31. h4 Kh7 32. Bc6 Rb6 $2 (32... a6 33. Bf3 Rbe8) 33. b5 (33. Nf8+ $142 Kg7 34. Rxe7+ Bxe7 35. Ne6+ Kh8 36. Nxd4 (36. Qxd4+ Qxd4 37. Nxd4 Bf6 $19)) 33... a6 $2 (33... Nxb5 34. Bxb5 Rxe6) 34. a4 axb5 35. axb5 Nxb5 (35... Rb8 $142 36. Nc5 Rf8) 36. Bxb5 $2 (36. Nf8+ Kg7 37. Bxb5 Rxb5 38. Qxb5 Rxe1+ 39. Rxe1 Kxf8 40. Re8+ Kg7 41. Qc4) 36... Rxe6 37. Rxe6 Qxe6 38. Qxc7+ Bg7 39. Ra7 $40 {[%cal Ba1a7,Ba7a8,Ba8g8][%mdl 160] White wants a kill.} Qf6 40. Bc4 {Black is weak on the light squares} Rd6 $2 (40... h5 41. Bd5 Kh6) 41. Ra8 {White wants to mate with Bg8+.} h5 42. Rg8 {Black got outplayed after the opening.   Weighted Error Value: White=0.36/Black=0.40.  Mistake:       	White=2     	Black=8      Inaccurate:     	---       	Black=1      OK:         	White=16    	Black=8      Best:        	White=3     	Black=2      Strong:       	White=1     	---} (42. Bg8+ Kh6 43. Rc8 Rb6 $16) 1-0

[Event "45th FIDE Olympiad 2024"]
[Site "Budapest"]
[Date "2024.09.11"]
[Round "1.76"]
[White "Munoz Sanchez, Miguel"]
[Black "Lompo, Boammani Aser"]
[Result "1-0"]
[ECO "A11"]
[WhiteElo "2181"]
[BlackElo "1568"]
[Annotator "NA RC"]
[PlyCount "33"]
[EventDate "2024.09.05"]
[EventType "team-tourn"]
[EventCountry "HUN"]
[SourceTitle "playchess.com"]
[Source "ChessBase"]
[SourceQuality "1"]
[WhiteTeam "Ecuador"]
[BlackTeam "Burkina Faso"]
[WhiteTeamCountry "ECU"]
[BlackTeamCountry "BUR"]
[TimeControl "40/5400+30:1800+30"]

1. Nf3 d5 2. c4 c6 3. g3 Nf6 4. Bg2 Bg4 5. Ne5 e6 6. cxd5 exd5 7. Nxg4 Nxg4 8. Nc3 Qb6 9. O-O Nf6 10. e4 dxe4 11. d3 Bd6 12. Nxe4 Be5 13. Nxf6+ Bxf6 14. Re1+ Kf8 15. Be3 Qb4 16. Qb3 Qxb3 17. Bc5+ 1-0

[Event "45th FIDE Olympiad 2024"]
[Site "Budapest"]
[Date "2024.09.11"]
[Round "1.77"]
[White "Gorshtein, Ido"]
[Black "Mesfin, Leykun"]
[Result "1-0"]
[ECO "E71"]
[WhiteElo "2543"]
[BlackElo "2118"]
[Annotator "TA"]
[PlyCount "79"]
[EventDate "2024.09.05"]
[EventType "team-tourn"]
[EventCountry "HUN"]
[SourceTitle "playchess.com"]
[Source "ChessBase"]
[SourceQuality "1"]
[WhiteTeam "Israel"]
[BlackTeam "Ethiopia"]
[WhiteTeamCountry "ISR"]
[BlackTeamCountry "ETH"]
[TimeControl "40/5400+30:1800+30"]

1. d4 Nf6 2. c4 g6 3. Nc3 Bg7 4. e4 d6 5. h3 O-O 6. Be3 c5 7. d5 a6 8. a4 a5 9. Nf3 {White is slightly better.} Na6 10. Be2 Nb4 11. Qd2 Bd7 12. O-O b6 13. Rad1 Ne8 14. Bh6 f6 15. b3 Rf7 16. Bxg7 Nxg7 17. Nh2 Qf8 18. Bg4 Qc8 (18... f5 $142) 19. f4 f5 20. Be2 fxe4 21. Nxe4 Nf5 22. Nf3 Qf8 {[#]} 23. g4 $1 {White is more active.} Nh6 (23... Nd4 $16) 24. Nfg5 $18 {[%cal Of4f5] f5! is the strong threat.} Rg7 25. Kh2 Nf7 $2 (25... Qc8 26. Bf3 Qc7) 26. Ne6 Bxe6 27. dxe6 Nd8 28. f5 gxf5 29. gxf5 {Black must now prevent f6.} Ndc6 (29... Kh8 $142 30. f6 Rg8) 30. f6 exf6 31. Nxf6+ Kh8 32. Nh5 Qe7 33. Nxg7 Qxg7 34. Qxd6 Re8 35. Rg1 Qf6 36. Rdf1 Qe5+ 37. Qxe5+ Nxe5 {[#]} 38. e7 $1 Ng6 {[#]} 39. Rxg6 $1 hxg6 40. Rf8+ {Weighted Error Value: White=0.06 (flawless) /Black=0.32.  Mistake:       	---       	Black=4      Inaccurate:     	White=1     	Black=4      OK:         	White=9     	Black=9      Best:        	White=3     	---} 1-0

[Event "45th FIDE Olympiad 2024"]
[Site "Budapest"]
[Date "2024.09.11"]
[Round "1.78"]
[White "Birhanu, Tegegn Mehadem"]
[Black "Nabaty, Tamir"]
[Result "0-1"]
[ECO "D21"]
[WhiteElo "2077"]
[BlackElo "2630"]
[Annotator "TA"]
[PlyCount "74"]
[EventDate "2024.09.05"]
[EventType "team-tourn"]
[EventCountry "HUN"]
[SourceTitle "playchess.com"]
[Source "ChessBase"]
[SourceQuality "1"]
[WhiteTeam "Ethiopia"]
[BlackTeam "Israel"]
[WhiteTeamCountry "ETH"]
[BlackTeamCountry "ISR"]
[TimeControl "40/5400+30:1800+30"]

1. d4 d5 2. Nf3 e6 3. c4 dxc4 4. Nc3 a6 5. e4 b5 6. a4 b4 7. Ne2 Nc6 8. a5 {The position is equal.} b3 $1 9. Nc3 (9. Bg5 $11 {remains equal.} Nf6 10. Nc3) 9... Nb4 $17 {[#] ...Nc2+ would now be deadly.} 10. Bxc4 $2 (10. Ra4 $17 Nc2+ 11. Kd2 Nxd4 12. Nxd4) 10... Nc2+ $19 11. Ke2 Nxa1 12. Bf4 Nc2 {Hoping for ...Nf6.} 13. Bxb3 Nb4 {...Nf6 is the strong threat.} 14. Ne5 (14. Ba4+ $142 c6 15. d5) 14... Bd6 15. Ba4+ Kf8 16. Qd2 Ne7 17. Rd1 Ng6 18. Nxg6+ hxg6 {Black is clearly winning.} 19. e5 Be7 20. Bg3 Bb7 21. Kf1 c5 22. Qf4 g5 23. Qg4 Qxa5 24. dxc5 Qxc5 25. Rd7 Bd5 26. h3 Qc4+ 27. Qxc4 Bxc4+ 28. Kg1 Nd5 29. Bc6 Rc8 30. Bxd5 exd5 31. Nxd5 Bxd5 32. Rxd5 Rh6 33. Rd3 Rb6 34. b3 Rcb8 35. Rd7 Rxb3 {[#] aiming for ...Rd8.} 36. e6 Rd8 {And now ...Rxd7 would win.} 37. Bd6 Rb1+ {Black took control after the opening.   Weighted Error Value: White=0.44/Black=0.04 (flawless) .  Loses game:     	White=1     	---        Mistake:       	White=2     	---        Inaccurate:     	White=2     	---        OK:         	White=6     	Black=10     Best:        	---       	Black=2      Strong:       	---       	Black=1} 0-1

[Event "45th FIDE Olympiad 2024"]
[Site "Budapest"]
[Date "2024.09.11"]
[Round "1.78"]
[White "Senglek, Khonsavanh"]
[Black "Berend, Fred"]
[Result "0-1"]
[ECO "A46"]
[WhiteElo "1591"]
[BlackElo "2230"]
[Annotator "ChessBase"]
[PlyCount "98"]
[EventDate "2024.09.05"]
[EventType "team-tourn"]
[EventCountry "HUN"]
[SourceTitle "playchess.com"]
[Source "ChessBase"]
[SourceQuality "1"]
[WhiteTeam "Laos"]
[BlackTeam "Luxembourg"]
[WhiteTeamCountry "LAO"]
[BlackTeamCountry "LUX"]
[TimeControl "40/5400+30:1800+30"]

1. d4 Nf6 2. Bf4 c6 3. Nf3 Qb6 4. Qc1 d6 5. e3 Nh5 6. Bg3 g6 7. Be2 Nxg3 8. hxg3 Bg7 9. c3 Nd7 10. Nbd2 O-O 11. a4 Qc7 12. Qc2 e5 13. dxe5 dxe5 14. Bc4 Nc5 15. Nh4 Be6 16. b4 Bxc4 17. Nxc4 Ne6 18. O-O Rad8 19. e4 Rd7 20. Ne3 Rfd8 21. Nf3 a5 22. Rfb1 axb4 23. Rxb4 Bf8 24. Rb2 Nc5 25. Nc4 Nd3 26. Rbb1 Bc5 27. Rf1 f6 28. Rab1 Kg7 29. Qe2 Qb8 30. Ne3 Qa7 31. Ra1 Nxf2 32. Kxf2 Rd3 33. Rfe1 Rxe3 34. Qxe3 Bxe3+ 35. Rxe3 Rd3 36. Rae1 Rxc3 37. R1e2 h5 38. Nd2 Kh6 39. g4 hxg4 40. Nf1 Ra3 41. g3 Rxa4 42. Kg2 Ra2 43. Rxa2 Qxa2+ 44. Kg1 Qa7 45. Kg2 b5 46. Re2 Qd4 47. Nd2 b4 48. Kf1 Qd3 49. Kf2 c5 0-1

[Event "45th FIDE Olympiad 2024"]
[Site "Budapest"]
[Date "2024.09.11"]
[Round "1.79"]
[White "Smirin, Ilia"]
[Black "Tsige, Addisalem Temesgen"]
[Result "1-0"]
[ECO "B27"]
[WhiteElo "2575"]
[BlackElo "2068"]
[Annotator "TA"]
[PlyCount "69"]
[EventDate "2024.09.05"]
[EventType "team-tourn"]
[EventCountry "HUN"]
[SourceTitle "playchess.com"]
[Source "ChessBase"]
[SourceQuality "1"]
[WhiteTeam "Israel"]
[BlackTeam "Ethiopia"]
[WhiteTeamCountry "ISR"]
[BlackTeamCountry "ETH"]
[TimeControl "40/5400+30:1800+30"]

1. e4 c5 2. Nf3 g6 3. Bc4 Bg7 4. c3 e6 5. d4 cxd4 6. Nxd4 a6 {Repels Nb5} 7. O-O Ne7 8. Bg5 {[%cal Bc1g5,Bg5h4,Bh4g3][%mdl 32] White is slightly better.} O-O 9. Bb3 h6 10. Bh4 b5 (10... Nbc6 $11 {feels stronger.}) 11. a4 {White is much more active.} (11. f4 $1 $14) 11... Bb7 $11 12. Re1 g5 (12... Nbc6 $5) 13. Bg3 b4 14. cxb4 d5 15. Nc3 {[#] Black must now prevent exd5.} Qb6 (15... dxe4 $142 16. Nxe6 Qxd1 17. Raxd1 Bxc3 (17... fxe6 18. Bxe6+ Kh7 19. Bd6 $16) 18. bxc3 fxe6) 16. Nc2 (16. Nxe6 $16 Qxe6 17. exd5 (17. Nxd5 Nbc6 $14)) 16... dxe4 $14 17. Nxe4 Rd8 (17... Bxe4 $14 18. Rxe4 Bxb2) 18. Qh5 ({Better is} 18. a5 $16 Rxd1 19. axb6 Rxa1 20. Nxa1 Bxe4 21. Rxe4 Bxb2 22. Nc2) 18... Nd7 {[%mdl 8192] This costs Black the game.} (18... Bxe4 $14 19. Rxe4 Nbc6) 19. Nd6 $18 Rf8 {[#]} 20. Nxf7 $1 Rxf7 (20... Nf6 21. Nxh6+) 21. Rxe6 ({Less strong is} 21. Bxe6 Raf8 $16) 21... Nf6 {Threatens to win with ...Qxe6.} 22. Qxf7+ Kxf7 23. Rxb6+ Bd5 24. Bxd5+ Nfxd5 25. Rb7 Kg6 26. Ne3 Bxb2 27. Nxd5 Nxd5 28. Rd1 Rc8 29. h3 (29. Rxd5 $2 {gets mated.} Rc1+) 29... Nc3 30. Rd6+ {White mates.} Kh5 31. Rh7 Ne2+ 32. Kh2 g4 33. Rhxh6+ Kg5 34. Rhg6+ Kf5 35. hxg4+ {Weighted Error Value: White=0.35/Black=0.82.  Loses game:     	---       	Black=1      Mistake:       	White=3     	Black=3      Inaccurate:     	---       	Black=3      OK:         	White=2     	Black=4      Best:        	White=2     	---        Brilliant:      	White=1     	---} 1-0

[Event "45th FIDE Olympiad 2024"]
[Site "Budapest"]
[Date "2024.09.11"]
[Round "1.80"]
[White "Kebede, Yoseph Kifle"]
[Black "Postny, Evgeny"]
[Result "0-1"]
[ECO "C28"]
[WhiteElo "2037"]
[BlackElo "2577"]
[Annotator "TA"]
[PlyCount "38"]
[EventDate "2024.09.05"]
[EventType "team-tourn"]
[EventCountry "HUN"]
[SourceTitle "playchess.com"]
[Source "ChessBase"]
[SourceQuality "1"]
[WhiteTeam "Ethiopia"]
[BlackTeam "Israel"]
[WhiteTeamCountry "ETH"]
[BlackTeamCountry "ISR"]
[TimeControl "40/5400+30:1800+30"]

1. e4 e5 2. Nc3 Nc6 3. Bc4 Nf6 4. d3 Bb4 5. Nge2 d5 6. exd5 Nxd5 7. Bxd5 Qxd5 8. O-O Qd7 9. f4 b6 10. Be3 Bb7 {Black is better.} 11. a3 Be7 12. Qd2 O-O-O 13. Rae1 f5 14. fxe5 Nxe5 15. Bg5 Qc6 {[%csl Gb7][%cal Rc6g2] [#] Black is more active.} 16. Nc1 $2 {[%mdl 8192] Loses the game.} (16. Rf2 $17 Ng4 17. Bxe7 Nxf2 18. Qg5 Nh3+ (18... Ng4 $2 19. Qxf5+ Qd7 20. Qxd7+ Rxd7 21. Bg5 $19) 19. gxh3 Qh1+ 20. Kf2 Qxh2+ 21. Ke3) 16... Nc4 $19 17. Qe2 Bxg5 (17... Nxb2 $2 {loses.} 18. Bxe7 Rd7 19. Qd2 $18 (19. Bb4 a5 $11)) 18. dxc4 Rd2 19. Nb5 Qxg2+ {Weighted Error Value: White=1.56/Black=0.04 (flawless) .  Loses game:     	White=1     	---        Inaccurate:     	White=3     	---        OK:         	White=1     	Black=4      Best:        	White=1     	Black=1} (19... Be3+ $142 20. Kh1 Qxg2+ 21. Qxg2 Bxg2#) 0-1

[Event "45th FIDE Olympiad 2024"]
[Site "Budapest"]
[Date "2024.09.11"]
[Round "1.81"]
[White "Ferster, Fabian"]
[Black "Nguyen, Ngoc Truong Son"]
[Result "0-1"]
[ECO "A13"]
[WhiteElo "2184"]
[BlackElo "2633"]
[Annotator "TA"]
[PlyCount "66"]
[EventDate "2024.09.05"]
[EventType "team-tourn"]
[EventCountry "HUN"]
[SourceTitle "playchess.com"]
[Source "ChessBase"]
[SourceQuality "1"]
[WhiteTeam "Liechtenstein"]
[BlackTeam "Vietnam"]
[WhiteTeamCountry "LIE"]
[BlackTeamCountry "VIE"]
[TimeControl "40/5400+30:1800+30"]

1. c4 e6 2. g3 d5 3. Bg2 Nf6 4. Nf3 d4 5. d3 Nc6 6. O-O Bc5 7. a3 a5 8. e3 O-O {The position is equal.} 9. exd4 Nxd4 10. Nc3 Nxf3+ 11. Qxf3 e5 12. Bg5 h6 13. Bxf6 Qxf6 14. Qxf6 gxf6 15. Nd5 c6 16. Nxf6+ Kg7 17. Ne4 Bd4 18. Rab1 Rd8 {Prevents Nd6.} 19. Rfe1 Bf5 20. Bf3 Bb6 {[%cal Bd4b6,Bb6c7,Bc7d6,Bd6c5][%mdl 32] This pair of bishops is nice.} 21. Rbd1 Rd4 22. Kf1 (22. Nc5 $5) 22... Rad8 23. Ke2 Be6 $1 {[%mdl 1024] Black has compensation.} 24. c5 $1 Bc7 25. g4 a4 26. Rg1 Bb3 27. Rc1 {Against Bc2} (27. Rd2 $11) 27... Rxd3 $17 28. Nd6 Bxd6 29. Kxd3 Bxc5+ 30. Ke2 Bd4 {Black is much more active.} 31. Rcd1 Rd6 32. Rd2 {[#]} Rf6 $1 {aiming for ...Bc4+.} 33. Rg2 $2 (33. Rg3 $17) 33... Bc4+ {Weighted Error Value: White=0.37/Black=0.06 (flawless) .  Loses game:     	White=1     	---        Mistake:       	White=1     	---        Inaccurate:     	White=2     	Black=2      OK:         	White=12    	Black=10     Best:        	White=2     	Black=5      Strong:       	White=1     	Black=2} 0-1

[Event "45th FIDE Olympiad 2024"]
[Site "Budapest"]
[Date "2024.09.11"]
[Round "1.82"]
[White "Le, Tuan Minh"]
[Black "Heron, Andrew"]
[Result "1-0"]
[ECO "D85"]
[WhiteElo "2564"]
[BlackElo "2026"]
[Annotator "TA"]
[PlyCount "57"]
[EventDate "2024.09.05"]
[EventType "team-tourn"]
[EventCountry "HUN"]
[SourceTitle "playchess.com"]
[Source "ChessBase"]
[SourceQuality "1"]
[WhiteTeam "Vietnam"]
[BlackTeam "Liechtenstein"]
[WhiteTeamCountry "VIE"]
[BlackTeamCountry "LIE"]
[TimeControl "40/5400+30:1800+30"]

1. d4 Nf6 2. c4 g6 3. Nc3 d5 4. cxd5 Nxd5 5. e4 Nxc3 6. bxc3 Bg7 7. Nf3 c5 8. Bb5+ Nc6 9. O-O O-O 10. Bxc6 bxc6 11. Qc2 Bg4 12. Ne5 Bxe5 13. dxe5 {White is slightly better.} Qc7 14. Bh6 Rfd8 15. f4 Be6 16. Rf3 {f5 is the strong threat.} Bc4 17. h3 $36 {[%mdl 2048] White has good play.} Rd7 18. Qf2 Rad8 19. Kh2 Rd2 {A mistake that costs the game.} (19... Rd3 $14) 20. Qxc5 $18 Rxa2 $2 (20... Ba6 21. f5 Re2) 21. Rxa2 Bxa2 {[%cal Bc4a2,Ba2b1,Bb1c2,Bc2a4,Ba4d1][%mdl 32] [#] Black is weak on the dark squares} 22. c4 $1 {And now Ra3 would win.} Bb1 23. Ra3 Ra8 {[#]} 24. e6 $1 fxe6 ({Of course not} 24... Bxe4 25. exf7+ (25. Qd4 f6 $18) 25... Kxf7 26. Qd4) (24... a5 25. Rb3) 25. Rb3 Bc2 26. Rb2 {White is clearly winning.} ({Inferior is} 26. Re3 Qd6 27. Qa5 Qd4 $11) 26... Ba4 27. Qa3 Bd1 28. Rd2 Bh5 29. Qc3 {Weighted Error Value: White=0.14 (very precise) /Black=0.45.  Mistake:       	---       	Black=2      Inaccurate:     	White=2     	Black=6      OK:         	White=7     	Black=6      Best:        	White=2     	---        Strong:       	White=1     	---        Brilliant:      	White=1     	---} 1-0